 Dungeon Crawl Stone Soup version 0.20.1-1-g8b1a95d (webtiles) character file.

17 Linguinho the Vexing (level 2, 0/20 HPs)
             Began as a Demonspawn Enchanter on Oct 31, 2017.
             Slain by a leopard gecko (4 damage)
             ... on level 1 of the Dungeon.
             The game lasted 00:02:13 (1319 turns).

Linguinho the Vexing (Demonspawn Enchanter)         Turns: 1319, Time: 00:02:13

Health: 0/20       AC:  2    Str:  8    XL:     2   Next: 44%
Magic:  3/5        EV: 12    Int: 16    God:
Gold:   66         SH:  0    Dex: 13    Spells: 2/5 levels left

rFire    . . .     SeeInvis .   a - +1 dagger
rCold    . . .     Gourm    .   (no shield)
rNeg     . . .     Faith    .   b - +0 robe
rPois    .         Spirit   .   (no helmet)
rElec    .         Reflect  .   (no cloak)
rCorr    .         Harm     .   (no gloves)
MR       .....                  (no boots)
Stlth    ++........             (no amulet)
Regen    0.1/turn               (no ring)
MPRegen  0.1/turn               (no ring)

@: very slow
A: nightstalker 1
a: no special abilities


You were on level 1 of the Dungeon.
You were hungry.

You visited 1 branch of the dungeon, and saw 1 of its levels.

You collected 66 gold pieces.

Inventory:

Hand Weapons
 a - a +1 dagger (weapon)
Armour
 b - a +0 robe (worn)
Jewellery
 m - an uncursed ring of stealth {unknown}
Scrolls
 f - 2 scrolls of amnesia {unknown}
 i - 2 scrolls of identify {unknown}
 j - a scroll of fear {unknown}
 k - a scroll of teleportation {unknown}
Potions
 e - a potion of haste {unknown}
 g - a potion of flight {unknown}
 h - a potion of curing {unknown}
Books
 c - a book of Maledictions

   Spells                             Type                      Level
   a - Corona                         Hexes                        1
   b - Ensorcelled Hibernation        Hexes/Ice                    2
   c - Confuse                        Hexes                        3
   d - Tukima's Dance                 Hexes                        3
   e - Dazzling Spray                 Conjuration/Hexes            3
Comestibles
 d - a bread ration
 l - a meat ration


   Skills:
 + Level 0.4 Fighting
 + Level 1.0 Short Blades
 + Level 2.0 Dodging
 + Level 2.6 Stealth
 + Level 2.4 Spellcasting
 + Level 3.1 Hexes


You had 2 spell levels left.
You knew the following spells:

 Your Spells              Type           Power        Failure   Level  Hunger
a - Corona                Hex            ##.....      5%          1    #......
b - Ensorcelled Hibernat  Hex/Ice        #.....       16%         2    ###....


Dungeon Overview and Level Annotations

Branches:
Dungeon (1/15)

Altars:


Innate Abilities, Weirdness & Mutations

You are slightly more attuned to the shadows.


Message History

The bat barely misses you. The bat closely misses you.
The leopard gecko closely misses you. The bat closely misses you.
The bat hits you.
* * * LOW HITPOINT WARNING * * *
The bat hits you.
* * * LOW HITPOINT WARNING * * *
You are feeling hungry.
The bat misses you. The bat hits you but does no damage.
The leopard gecko closely misses you. The bat hits you.
* * * LOW HITPOINT WARNING * * *
The bat hits you.
* * * LOW HITPOINT WARNING * * *
The bat closely misses you. The bat hits you but does no damage.
You enter the shallow water.
Moving in this stuff is going to be slow.
The bat hits you but does no damage. The leopard gecko bites you.
You die...

..........≈≈≈#+#+#≈≈≈≈≈≈≈#+
#######...≈≈≈'>..##+###+##.
#...≈≈≈'...#.......#.
#...≈≈≈#'###.#####.#'
#..g≈≈≈≈≈'..(#...#...
#...≈≈≈≈≈#.###.<.+.⌠.
#..K≈≈≈≈≈#.###...+.⌠.
#..l≈≈≈≈≈+...#...#...
#...@b≈#+###.#####.##
#...≈≈≈'...'.......'.
#...≈≈≈'...##+###'##.
#...≈≈≈#'#'#≈≈≈≈≈≈≈#+
#...≈≈≈≈≈≈≈≈≈≈≈≈≈≈≈≈≈
#...≈≈≈≈≈≈≈≈≈≈≈≈≈≈≈≈≈
#...≈≈≈≈≈≈≈≈≈≈≈≈≈≈≈≈≈
###..................
#......[...........


You could see a leopard gecko, a goblin, a bat and a kobold.

Vanquished Creatures
  A dart slug (D:1)
  A leopard gecko (D:1)
  A giant cockroach (D:1)
  A goblin (D:1)
  2 hobgoblins (D:1)
  3 bats (D:1)
  2 kobolds (D:1)
  3 rats (D:1)
14 creatures vanquished.

Notes
Turn   | Place    | Note
-------+----------+-------------------------------------------
     0 | D:1      | Linguinho the Demonspawn Enchanter began the quest for the Orb.
     0 | D:1      | Reached XP level 1. HP: 13/13 MP: 3/3
   327 | D:1      | Reached skill level 1 in Short Blades
   738 | D:1      | Gained mutation: You are slightly more attuned to the shadows. [demonic ancestry]
   738 | D:1      | Reached XP level 2. HP: 13/19 MP: 0/5
   742 | D:1      | Learned a level 2 spell: Ensorcelled Hibernation
  1319 | D:1      | Slain by a leopard gecko

Skill      XL: |  1 |
---------------+----+-----
Short Blades   | 1 |  1.0
Dodging        | 2 |  2.0
Fighting       | |  0.4
Stealth        | |  2.6
Spellcasting   | |  2.4
Hexes          | |  3.1

Action                   || total
-------------------------++-------
Melee: Dagger            ||    53
 Cast: Corona            ||    11
       Ensorcelled Hiber ||     2
 Stab: Sleeping          ||     3
  Eat: Chunk             ||     1
Armor: Robe              ||    17
Dodge: Dodged            ||    55
